 Dungeon Crawl Stone Soup version 0.26.1-11-gd32895ea62 (webtiles) character file.

Game seed: 8302832649979316192

109 GenialerGandalf the Skirmisher (level 4, -5/60 HPs)
             Began as a Hill Orc Fighter on May 29, 2021.
             Slain by an orc
             ... wielding a cursed -1 morningstar
              (10 damage)
             ... on level 3 of the Dungeon.
             The game lasted 00:11:03 (3534 turns).

GenialerGandalf the Skirmisher (Hill Orc Fighter)   Turns: 3534, Time: 00:11:03

Health: -5/60      AC: 10    Str: 19    XL:     4   Next: 89%
Magic:  4/4        EV:  5    Int:  8    God:
Gold:   91         SH:  9    Dex: 10    Spells: 3/3 levels left

rFire    . . .     SeeInvis .   a - +0 war axe
rCold    . . .     Faith    .   c - +0 kite shield
rNeg     . . .     Spirit   .   e - +0 chain mail
rPois    .         Reflect  .   j - +0 helmet
rElec    .         Harm     .   (no cloak)
rCorr    .         Rampage  .   (no gloves)
Will     .....                  (no boots)
Stlth    ..........             (no amulet)
HPRegen  0.20/turn              (no ring)
MPRegen  0.09/turn              (no ring)

@: berserking (expiring), very quick
A: no striking features
a: no special abilities


You were on level 3 of the Dungeon.
You visited 1 branch of the dungeon, and saw 3 of its levels.

You collected 91 gold pieces.

Inventory:

Hand Weapons
 a - a +0 war axe (weapon)
Armour
 b - a +0 scale mail
 c - a +0 kite shield (worn)
 e - a +0 chain mail (worn)
 j - a +0 helmet (worn)
Jewellery
 f - an uncursed ring of fire {unknown}
 o - an uncursed amulet of faith {unknown}
Scrolls
 g - a scroll of amnesia
 h - a scroll of random uselessness {unknown}
 i - 2 scrolls of remove curse {unknown}
 k - 2 scrolls of identify {unknown}
 m - a scroll of teleportation {unknown}
Potions
 d - a potion of might
 l - 2 potions of mutation {unknown}
 n - 2 potions of curing {unknown}


   Skills:
 + Level 4.2 Fighting
 + Level 4.0 Axes
 + Level 3.9 Armour
 + Level 1.1 Dodging
 + Level 0.3 Stealth
 + Level 4.0 Shields


You had 3 spell levels left.
You didn't know any spells.
Your spell library was empty.

Dungeon Overview and Level Annotations

Branches:
Dungeon (3/15)

Altars:
Hepliaklqana
Nemelex Xobeh
Ru
Vehumet
Zin


Message History

A red film seems to cover your vision as you go berserk!
You feel yourself moving faster!
You feel mighty! You block the worm's attack.
You slash the worm!
The worm is severely wounded.
The orc throws a datura-tipped dart.
The datura-tipped dart barely misses you.
You barely miss the worm.
The worm is severely wounded.
The worm bites you.
* * * LOW HITPOINT WARNING * * *
You slice the worm!!
You kill the worm!
A bat comes into view.
Found a stone staircase leading down.
You feel a strong urge to attack something.
The bat hits you but does no damage. The orc hits you but does no damage.
The bat hits you but does no damage.
You closely miss the orc. You closely miss the bat. You block the bat's attack.
The orc hits you with a cursed -1 morningstar!
You die...

... #...#
#..########...#
.........##...#
.........##...#
.........##...######
...................##
.>.........(........#
......b..(..........#
......o@.##...#####.#
....)....##$#.# #.#
.........#.###.# #.#
.....###### ## #.# #
.#### #.# ## #.###.
#..... ######


You could see an orc and a bat.

Vanquished Creatures
  Jessica (D:3)
  Robin (D:2)
  An adder (D:2)
  A worm (D:3)
  A dart slug (D:2)
  A ball python (D:1)
  2 giant cockroaches
  17 goblins
  8 hobgoblins
  7 kobolds
  6 bats
  3 frilled lizards
  7 rats
  12 bushes (D:1)
68 creatures vanquished.

Vanquished Creatures (others)
  7 plants (D:1)
7 creatures vanquished.

Grand Total: 75 creatures vanquished

Notes
Turn   | Place    | Note
-------+----------+-------------------------------------------
     0 | D:1      | GenialerGandalf the Hill Orc Fighter began the quest for
                  | the Orb.
     0 | D:1      | Reached XP level 1. HP: 19/19 MP: 1/1
   468 | D:1      | Reached XP level 2. HP: 16/27 MP: 2/2
  1645 | D:2      | Reached XP level 3. HP: 25/33 MP: 3/3
  1777 | D:2      | Noticed Robin
  1789 | D:2      | Killed Robin
  1790 | D:2      | Reached skill level 1 in Dodging
  1790 | D:2      | Reached XP level 4. HP: 8/40 MP: 2/4
  2229 | D:2      | Found a sparkling altar of Nemelex Xobeh.
  3271 | D:3      | Found a hazy altar of Hepliaklqana.
  3318 | D:3      | Noticed Jessica
  3319 | D:3      | Found a glowing silver altar of Zin.
  3319 | D:3      | Found a radiant altar of Vehumet.
  3324 | D:3      | Found a sacrificial altar of Ru.
  3348 | D:3      | Killed Jessica
  3534 | D:3      | Slain by an orc

Illustrated notes

Levels and vault maps discovered:
D:1:      dpeg_arrival_rooms_a, layout_loops_ring, serial_forest,
          infiniplex_forest_clump_small, infiniplex_forest_join,
          infiniplex_forest_straight_3, infiniplex_forest_straight_4,
          minmay_misc_feat_nine_boxes, hangedman_abyss_or_decor_stabs,
          hangedman_decor_push
D:2:      mumra_celtic_spiral_tile, layout_loops_corners,
          nemelex_spade_bored_becter, uniq_robin
D:3:      layout_loops_cross, nzn_hepliaklqana_mist_gate,
          grunt_temple_overflow_open, uniq_jessica

Skill      XL: |  1  2  3  4 |
---------------+-------------+-----
Fighting       | 4 |  4.2
Axes           | 3 4 |  4.0
Dodging        | 1 |  1.1
Shields        | 4 |  4.0
Armour         | |  3.9
Stealth        | |  0.3

Action                   |  1- 3 |  4- 6 || total
-------------------------+-------+-------++-------
Melee: War axe           |   614 |    45 ||   659
  Use: Scroll            |       |     1 ||     1
Armor: Scale mail        |    19 |       ||    19
       Chain mail        |    44 |    60 ||   104
Dodge: Dodged            |    32 |    11 ||    43
Block: Kite shield       |    57 |    37 ||    94
